 Dungeon Crawl Stone Soup version 0.26-a0-651-gb41185065b (webtiles) character file.

Game seed: 1627496382779738149

374 Peloso the Shield-Bearer (level 6, 0/48 HPs)
             Began as a Demonspawn Fighter on Sept 28, 2020.
             Slain by Duvessa
             ... wielding a +3 short sword
              (13 damage)
             ... on level 4 of the Dungeon.
             The game lasted 00:05:26 (2552 turns).

Peloso the Shield-Bearer (Demonspawn Fighter)       Turns: 2552, Time: 00:05:27

Health: 0/48       AC: 10    Str: 24    XL:     6   Next: 43%
Magic:  6/6        EV:  8    Int:  9    God:
Gold:   162        SH: 10    Dex: 13    Spells: 5/5 levels left

rFire    . . .     SeeInvis .   a - +0 long sword
rCold    + . .     Faith    .   c - +0 kite shield
rNeg     . . .     Spirit   .   s - +0 scale mail
rPois    .         Reflect  .   g - +0 helmet
rElec    .         Harm     .   (no cloak)
rCorr    .         Rampage  .   (no gloves)
MR       .....                  (no boots)
Stlth    ..........             (no amulet)
HPRegen  0.16/turn              e - +6 ring of strength
MPRegen  0.10/turn              p - ring of protection from cold

@: lethally poisoned (0 -> 0)
A: talons 2, iridescent scales 1, powered by death 1
a: no special abilities


You were on level 4 of the Dungeon.
You visited 1 branch of the dungeon, and saw 4 of its levels.

You collected 162 gold pieces.

Inventory:

Hand Weapons
 a - a +0 long sword (weapon)
 b - a +4 antimagic war axe
Armour
 c - a +0 kite shield (worn)
 g - a +0 helmet (worn)
 s - a +0 scale mail (worn)
Jewellery
 e - a +6 ring of strength (left hand)
 p - a ring of protection from cold (right hand)
Scrolls
 h - 2 scrolls of identify
 i - 2 scrolls of teleportation
 k - 2 scrolls of blinking {unknown}
 l - a scroll of enchant armour {unknown}
 q - a scroll of fog {unknown}
 t - 4 scrolls of remove curse
 u - a scroll of enchant weapon {unknown}
Potions
 d - a potion of magic
 f - a potion of flight
 j - a potion of berserk rage {unknown}
 m - 2 potions of haste {unknown}
 n - a potion of might
 o - 2 potions of curing
 r - a potion of heal wounds {unknown}


   Skills:
 + Level 3.7 Fighting
 + Level 3.7 Long Blades
 + Level 3.6 Armour
 + Level 1.7 Dodging
 + Level 0.4 Stealth
 + Level 4.1 Shields


You had 5 spell levels left.
You didn't know any spells.
Your spell library contained the following spells:

 Spells                   Type           Power        Failure   Level
 Confusing Touch          Hex            #.......     100%        3
 Gell's Gravitas          Tloc           #.........   100%        3
 Petrify                  Tmut/Erth      #.......     100%        4
 Metabolic Englaciation   Hex/Ice        #.........   100%        5
 Yara's Violent Unravell  Hex/Tmut       #.........   100%        5


Dungeon Overview and Level Annotations

Branches:
Dungeon (4/15)
 Temple: D:4-7

Altars:
Xom

Shops:
D:4 (

Annotations:
D:4 Duvessa


Innate Abilities, Weirdness & Mutations

You have razor-sharp toenails.
You are partially covered in iridescent scales. (AC +2)
You regenerate a little health from kills.


Message History

You feel sick.
Duvessa rages.
You feel sick.
Duvessa rages.
Duvessa hits you but does no damage. You block Duvessa's attack.
You feel sick. You block Duvessa's attack. Duvessa hits you but does no damage.
You feel sick. Duvessa closely misses you.
You riposte.
You slash Duvessa! You claw Duvessa.
Duvessa is moderately wounded.
Sorry, you're not good enough to have a special ability.
Sorry, you're not good enough to have a special ability.
Okay, then.
You hit Duvessa. You claw Duvessa.
Duvessa is moderately wounded.
Duvessa hits you with a +3 short sword!
* * * LOW HITPOINT WARNING * * *
Duvessa hits you with a +3 short sword!
You die...

#.### #.............>#
#...# #.# ########..####.#
#...# #.# #######........##
#...# #.#
##.....#.#####...######...#
#.# #......#.#
#...##....[... #.#
#.#......# #.............
#.### #......#.#
#...##........ ....#
#.∩.#..#.#####.#.######...#
#.#.# #.....##..@e.....#
#...# #.#.#
#.###########.#### #...#
..#.# #.# #.# #_..# .##.#
#.####### #.# ..## .##.#
#.......# #.# ....#
###.....### #.#
<########........ ..#
..............### ...
#########.....#


You could see Duvessa (berserk).

Vanquished Creatures
  Sigmund (D:2)
  Dowan (D:4)
  A scorpion (D:4)
  4 adders
  3 worms
  5 dart slugs
  4 leopard geckos
  An orc (D:3)
  7 bats
  3 giant cockroaches
  4 goblins
  3 hobgoblins (D:3)
  4 jackals
  4 kobolds (D:1)
  A quokka (D:3)
  A ball python (D:2)
  5 frilled lizards
  5 rats
57 creatures vanquished.

Notes
Turn   | Place    | Note
-------+----------+-------------------------------------------
     0 | D:1      | Peloso the Demonspawn Fighter began the quest for the Orb.
     0 | D:1      | Reached XP level 1. HP: 18/18 MP: 1/1
   207 | D:1      | Gained mutation: You regenerate a little health from kills.
                  | [demonic ancestry]
   207 | D:1      | Reached XP level 2. HP: 21/24 MP: 2/2
   456 | D:1      | Reached skill level 3 in Shields
   802 | D:1      | Gained mutation: You are partially covered in iridescent
                  | scales. (AC +2) [demonic ancestry]
   802 | D:1      | Reached XP level 3. HP: 29/29 MP: 3/3
  1174 | D:2      | Noticed Sigmund
  1188 | D:2      | Killed Sigmund
  1188 | D:2      | Reached skill level 1 in Dodging
  1188 | D:2      | Reached XP level 4. HP: 14/36 MP: 4/4
  1188 | D:2      | Gained mutation: You have sharp toenails. [demonic
                  | ancestry]
  1188 | D:2      | Reached XP level 5. HP: 16/41 MP: 5/5
  2141 | D:3      | Reached skill level 4 in Shields
  2147 | D:3      | Gained mutation: You have razor-sharp toenails. [demonic
                  | ancestry]
  2147 | D:3      | Reached XP level 6. HP: 47/47 MP: 6/6
  2368 | D:4      | Found Zeiti's Weapon Shop.
  2501 | D:4      | Found a shimmering altar of Xom.
  2511 | D:4      | Noticed Dowan
  2529 | D:4      | Killed Dowan
  2530 | D:4      | Noticed Duvessa
  2552 | D:4      | Slain by Duvessa

Illustrated notes

Levels and vault maps discovered:
D:1:      roderic_dead_forest, layout_basic
D:2:      minmay_wonky_spiral, layout_rooms, uniq_sigmund
D:3:      layout_rooms, due_unseen_surprise
D:4:      layout_loops_cross, overflow_temple_1_default, serial_shops,
          nicolae_shop_stone, hangedman_feature_mirror, uniq_eustachio,
          uniq_duvessa

Skill      XL: |  1  2  3  4  5 |
---------------+----------------+-----
Armour         | 3 |  3.6
Shields        | 3 4 |  4.1
Long Blades    | 3 |  3.7
Dodging        | 1 |  1.7
Fighting       | |  3.7
Stealth        | |  0.4

Action                   |  1- 3 |  4- 6 || total
-------------------------+-------+-------++-------
Melee: Long sword        |    99 |    88 ||   187
       Kick              |       |    35 ||    35
  Use: Potion            |     3 |       ||     3
       Scroll            |     3 |     3 ||     6
Armor: Scale mail        |    60 |    32 ||    92
Dodge: Dodged            |    23 |    22 ||    45
Block: Kite shield       |    59 |    45 ||   104
       Rpst.: Long sword |     9 |     6 ||    15

Table legend: (Time is in decaauts)
 A = Elapsed time spent in this place.
 B = Non-inter-level travel time spent in this place.
 C = Inter-level travel time spent in this place.
 D = Time resting spent in this place.
 E = Time spent auto-exploring this place.
 F = Levels seen in this place.
 G = Mean time per level.
                   A        B        C        D        E       F      G
               +--------+--------+--------+--------+--------+-----+--------+
         Total |   2617 |   2600 |     17 |     53 |   1912 |   4 |  654.2 |
       Dungeon |   2617 |   2600 |     17 |     53 |   1912 |   4 |  654.2 |
               +--------+--------+--------+--------+--------+-----+--------+

Top non-repeatable levels by time:
     D:2: 990 daAuts
     D:1: 904 daAuts
     D:3: 501 daAuts
     D:4: 221 daAuts
